 Dungeon Crawl Stone Soup version 0.22-a0-866-geee5034 (webtiles) character file.

465904 Amnesiac the Sorcerer (level 23, -28/169 HPs)
             Began as a Mummy Earth Elementalist on July 28, 2018.
             Was the Champion of Vehumet.
             Killed from afar by a quicksilver dragon (31 damage)
             ... with a bolt of dispelling energy
             ... on level 4 of the Depths.
             The game lasted 02:27:24 (51349 turns).

Amnesiac the Sorcerer (Mummy Earth Elementalist)   Turns: 51349, Time: 02:27:25

Health: -28/169    AC: 15    Str: 11    XL:     23   Next: 45%
Magic:  11/50      EV: 19    Int: 37    God:    Vehumet [******]
Gold:   3236       SH:  8    Dex: 13    Spells: 11/68 levels left

rFire    + . .     SeeInvis +   a - staff of earth
rCold    + . .     Gourm    .   K - +3 buckler of Ofodor {Str+2 Int+5 Dex-5}
rNeg     + + +     Faith    .   n - +2 robe {Archmagi}
rPois    ∞         Spirit   .   G - +1 hat {Int+3}
rElec    .         Reflect  .   u - +0 cloak
rCorr    +         Harm     +   f - +0 pair of gloves
MR       ++...                  V - +2 pair of boots "Filiff" {rCorr Str-4 Dex+4 SInv}
Stlth    ++........             N - amulet "Canur" {Harm *Drain rF+ Int+6 Dex+2}
HPRegen  0.38/turn              O - ring of protection from fire
MPRegen  0.32/turn              d - +5 ring of protection

@: studying Shields
A: no food or potions, fire vulnerability, cold resistance 1, negative energy
resistance 3, torment resistance, unbreathing, in touch with death 1
}: 2/15 runes: barnacled, gossamer
a: Renounce Religion


You were on level 4 of the Depths.
You worshipped Vehumet.
Vehumet was exalted by your worship.
You were not hungry.

You visited 9 branches of the dungeon, and saw 40 of its levels.
You also visited: Ice Cave and Volcano.

You collected 5011 gold pieces.
You spent 1775 gold pieces at shops.

Inventory:

Hand Weapons
 E - the +1 trident "Jiskucam" {vamp, -Tele rF+ MR+ Dex+4}
   (You found it on level 3 of the Lair of Beasts)

   It inflicts no extra harm, but heals its wielder when it wounds a living foe.
   It affects your dexterity (+4).
   It protects you from fire.
   It affects your resistance to hostile enchantments.
   It prevents most forms of teleportation.
Missiles
 g - 730 stones (quivered)
Armour
 f - a +0 pair of gloves (worn)
 n - a +2 robe of the Archmagi (worn)
 u - a +0 cloak (worn)
 G - a +1 hat of intelligence (worn)
 K - the +3 buckler of Ofodor (worn) {Str+2 Int+5 Dex-5}
   (You took it off a deep elf annihilator on level 3 of the Elven Halls)

   It affects your strength (+2).
   It affects your intelligence (+5).
   It affects your dexterity (-5).
 V - the +2 pair of boots "Filiff" (worn) {rCorr Str-4 Dex+4 SInv}
   (You found it on level 15 of the Dungeon)

   It affects your strength (-4).
   It affects your dexterity (+4).
   It lets you see invisible.
   It provides partial protection from all sources of acid and corrosion.
Magical Staves
 a - an uncursed staff of earth (weapon)
 b - an uncursed staff of wizardry
 m - an uncursed staff of conjuration
Jewellery
 d - a +5 ring of protection (right hand)
 i - an uncursed ring of see invisible
 p - an uncursed ring of magical power
 w - a +5 ring of intelligence
 H - an uncursed ring of resist corrosion
 N - the amulet "Canur" (around neck) {Harm *Drain rF+ Int+6 Dex+2}
   (You found it on level 4 of the Shoals)

   [amulet of harm]

   It increases damage dealt and taken.
   It affects your intelligence (+6).
   It affects your dexterity (+2).
   It protects you from fire.
   It causes draining when unequipped.
 O - a ring of protection from fire (left hand)
Wands
 j - a wand of random effects (20)
 x - a wand of paralysis (25)
 z - a wand of disintegration (37)
 A - a wand of enslavement (21)
 F - a wand of digging (45)
 J - a wand of iceblast (44)
 L - a wand of acid (28)
 U - a wand of scattershot (5)
Scrolls
 c - 10 scrolls of teleportation {!r}
 e - 3 scrolls of fog {!r}
 h - a scroll of fear {!r}
 k - 5 scrolls of magic mapping {!r}
 l - 4 scrolls of amnesia {!r}
 o - 9 scrolls of enchant weapon {!r}
 r - 9 scrolls of enchant armour {!r}
 v - 4 scrolls of vulnerability {!r}
 C - 12 scrolls of remove curse {!r}
 I - 4 scrolls of silence {!r}
 W - 2 scrolls of identify {!r}
Books
 T - a manual of Shields
Miscellaneous
 s - a fan of gales
 y - 4 boxes of beasts
 B - a lamp of fire
 D - a sack of spiders
 M - a phial of floods (inert)
 S - a lightning rod (4/4)


   Skills:
 + Level 11.1 Fighting
 - Level 12.0 Staves
 * Level 12.1 Dodging
 - Level 1.5 Stealth
 - Level 4.0 Shields
 + Level 23.1 Spellcasting
 - Level 4.0 Conjurations
 - Level 0.7 Transmutations
 * Level 23.1 Earth Magic
 - Level 4.0 Evocations


You had 11 spell levels left.
You knew the following spells:

 Your Spells              Type           Power        Failure   Level  Hunger
a - Lehudib's Crystal Sp  Conj/Erth      ########..   4%          8    N/A
b - Passwall              Tmut/Erth      ########     0%          2    N/A
c - Sandblast             Erth           ######       0%          1    N/A
d - Lee's Rapid Deconstr  Erth           #########.   0%          5    N/A
e - Shatter               Erth           #########.   1%          9    N/A
f - Summon Butterflies    Summ           ######..     1%          1    N/A
g - Petrify               Tmut/Erth      ########     1%          4    N/A
h - Iron Shot             Conj/Erth      ########..   1%          6    N/A
j - Leda's Liquefaction   Hex/Erth       ########..   1%          4    N/A
q - Borgnjor's Vile Clut  Necr/Erth      #########.   1%          5    N/A
s - Corpse Rot            Necr           N/A          1%          2    N/A
v - Blink                 Tloc           N/A          1%          2    N/A
w - Irradiate             Conj/Tmut      ######....   1%          5    N/A
z - Ozocubu's Armour      Chrm/Ice       ######..     1%          3    N/A

Your spell library contained the following spells:

 Spells                   Type           Power        Failure   Level  Hunger
 Cause Fear               Hex            ######....   5%          4    N/A
 Magic Dart               Conj           ####         1%          1    N/A
 Fireball                 Conj/Fire      ######....   1%          5    N/A
 Conjure Flame            Conj/Fire      ######..     1%          3    N/A
 Bolt of Fire             Conj/Fire      ######....   11%         6    N/A
 Bolt of Cold             Conj/Ice       ######....   11%         6    N/A
 Slow                     Hex            ######..     1%          2    N/A
 Throw Frost              Conj/Ice       ######       1%          2    N/A
 Mephitic Cloud           Conj/Pois/Air  ######..     1%          3    N/A
 Ring of Flames           Chrm/Fire      ######....   99%         7    N/A
 Olgreb's Toxic Radiance  Pois           ######..     1%          4    N/A
 Freeze                   Ice            ####         1%          1    N/A
 Summon Ice Beast         Ice/Summ       ######..     5%          4    N/A
 Call Imp                 Summ           ######..     1%          2    N/A
 Regeneration             Chrm/Necr      #######...   1%          3    N/A
 Sting                    Conj/Pois      ####         1%          1    N/A
 Stone Arrow              Conj/Erth      ######       0%          3    N/A
 Spider Form              Tmut/Pois      ######....   1%          3    N/A
 Dragon Form              Tmut           ######....   98%         7    N/A
 Deflect Missiles         Chrm/Air       ######....   65%         6    N/A
 Throw Icicle             Conj/Ice       ######..     1%          4    N/A
 Shadow Creatures         Summ           N/A          65%         6    N/A
 Ignite Poison            Fire/Tmut/Pois ######..     1%          3    N/A
 Call Canine Familiar     Summ           ######..     1%          3    N/A
 Ensorcelled Hibernation  Hex/Ice        ######       1%          2    N/A
 Silence                  Hex/Air        ######....   16%         5    N/A
 Corona                   Hex            ######.      1%          1    N/A
 Portal Projectile        Hex/Tloc       ######       1%          3    N/A
 Summon Hydra             Summ           ######....   99%         7    N/A
 Darkness                 Hex            ######....   65%         6    N/A
 Inner Flame              Hex/Fire       ######..     1%          3    N/A
 Discord                  Hex            ######....   100%        8    N/A
 Spellforged Servitor     Conj/Summ      ######....   45%         7    N/A
 Summon Mana Viper        Hex/Summ       ######..     16%         5    N/A
 Hydra Form               Tmut           ######....   54%         6    N/A
 Yara's Violent Unravell  Hex/Tmut       ######....   4%          5    N/A
 Poisonous Vapours        Pois/Air       ######       1%          2    N/A
 Ignition                 Fire           ######....   100%        8    N/A

Dungeon Overview and Level Annotations

Branches:
Dungeon (15/15)            Temple (1/1) D:5            Lair (6/6) D:8
 Shoals (4/4) Lair:2       Spider (4/4) Lair:2        Slime (0/5) Lair:5
    Orc (2/2) D:11            Elf (3/3) Orc:2        Vaults (0/5) D:13
 Depths (4/5) D:15           Hell (1/1)                 Dis (0/7) Hell
    Geh (0/7) Hell            Coc (0/7) Hell            Tar (0/7) Hell

Altars:
Ashenzari
Cheibriados
Elyvilon
Fedhas
Gozag
Hepliaklqana
Kikubaaqudgha
Makhleb
Okawaru
Qazlal
Ru
Sif Muna
Trog
Uskayaw
Vehumet
Wu Jian
Xom
Yredelemnul
The Shining One
Lugonu

Shops:
D:4 (   D:6 [   D:7 [:   D:9 (%}   Orc:2 [%((%   Depths:1 :%

Portals:
Hell: Depths:1 Depths:2 Depths:3
Abyss: Depths:3
Pandemonium: Depths:1 Depths:3
Ziggurat: Depths:3

Annotations:
Lair:3 exclusion: oklob plant
Orc:2 exclusion: upstairs


Innate Abilities, Weirdness & Mutations

You do not eat or drink.
Your flesh is vulnerable to fire.
You are immune to poison.
Your flesh is cold resistant. (rC+)
You are immune to negative energy. (rN+++)
You are immune to unholy pain and torment.
You can survive without breathing.
You are in touch with the powers of death.


Message History

The quicksilver dragon closely misses your spriggan berserker.
The quicksilver dragon claws your spriggan berserker!
Your spriggan berserker dies!
Your spriggan berserker's corpse shimmers and vanishes!
Your elephant is no longer berserk.
Your elephant disappears in a puff of smoke!
The tengu warrior hits your worker ant with a great sword!
The tengu warrior pecks your worker ant!
Your worker ant dies!
Your worker ant's corpse disappears in a puff of smoke!
An ice devil comes into view.
The quicksilver dragon breathes dispelling energy at you.
The bolt of dispelling energy hits your soldier ant.
The bolt of dispelling energy misses you.
You hear a shout!
Evoke which item? (* to show all) (? for menu, Esc to quit)
Aiming: Phantom Mirror
Press: ? - help, Dir - move target cursor, f - quicksilver dragon, p - spriggan berserker
Aim: a quicksilver dragon (moderately wounded, catching its breath)
You reflect the quicksilver dragon with the mirror, and the mirror shatters!
The spriggan berserker hits your soldier ant with a war axe!
Your soldier ant dies!
Your soldier ant's corpse disappears in a puff of smoke!
The tengu conjurer hits your soldier ant with a halberd!
The tengu conjurer pecks your soldier ant but does no damage.
The tengu conjurer claws your soldier ant.
Your magical contamination has completely faded away.
Casting: Lee's Rapid Deconstruction (safe; 0% risk of failure)
Confirm with . or Enter, or press ? or * to list all spells.
You feel a strong surge of power! Really harm your soldier ant?
The dungeon rumbles!
The tengu warrior is heavily wounded.
You kill the spriggan berserker!
Vehumet accepts your kill.
You feel your power returning.
You kill your soldier ant!
Your soldier ant's corpse disappears in a puff of smoke!
You kill the tengu conjurer!
Vehumet accepts your kill.
You feel your power returning.
The quicksilver dragon is almost dead.
A door shatters! x2
You kill the ice devil!
Vehumet accepts your kill.
You feel your power returning.
A door shatters!
Ka-crash!
You hear a shout! x3; You hear a deafening roar!
You hear a screech! x2
You hear a shout!
You hear a screech!
You hear a shout!
The tengu warrior hits you with a great sword!!
* * * LOW HITPOINT WARNING * * *
You block the tengu warrior's attack. The tengu warrior claws you.
* * * LOW HITPOINT WARNING * * *
A tentacled monstrosity comes into view.
Evoke which item? (* to show all) (? for menu, Esc to quit)
Okay, then.
Really read
h - 2 scrolls of fear {!r}?
As you read the scroll of fear {!r}, it crumbles to dust.
You assume a fearsome visage.
The flying skull is unaffected.
The tentacled monstrosity is unaffected.
The quicksilver dragon resists with almost no effort.
The tengu warrior looks frightened!
The quicksilver dragon breathes dispelling energy at you.
The bolt of dispelling energy hits you!
You die...

##%......>..######### # .
#....).......# ##
###.........## ####...
#...).##### #.......
#.....8# ##........
###.....# #.%.....%..
#.......# ##⌠?........
#......# ####%).......##
####......####.#@(.[....###
.#......##.#...Q.......#
##.........#.........#....
#..#......#.D.D.....#..X...
............#.§.)...#
...i..
≈≈≈≈..........§...##.
...8.. ≈≈≈........z)...###
.. ≈≈..............## ..
≈.Dz§§...)≈≈[.....#


You could see a tentacled monstrosity, a quicksilver dragon, a tengu warrior
(fleeing), a flying skull and a friendly quicksilver dragon.

Vanquished Creatures
  A juggernaut (Depths:2)
  Sojobo (Depths:1)
  Bai Suzhen (Elf:3)
  A caustic shrike (Depths:2)
  Saint Roka (Elf:3)
  Geryon (Hell)
  4 golden dragons
  Arachne (Spider:4)
  5 liches
  3 deep elf blademasters
  2 deep elf master archers (Elf:3)
  2 titans (Depths:3)
  Frances (D:14)
  Murray (Hell)
  Kirke (Shoals:2)
  Donald (Shoals:4)
  A shadow dragon (Depths:4)
  3 tengu reavers
  A storm dragon (Depths:4)
  Ilsuiw (Shoals:3)
  4 fire giants
  9 frost giants
  8 ghost moths
  An iron dragon (Hell)
  An orc warlord (Orc:1)
  A cacodemon (Hell)
  11 deep elf sorcerers
  An emperor scorpion (Spider:4)
  Louise (Elf:3)
  A balrug (Hell)
  8 stone giants
  3 deep elf elementalists (Elf:3)
  7 reapers (Hell)
  4 spriggan defenders
  13 very ugly things
  A juggernaut skeleton (D:15)
  The ghost of Kuinu the Warrior, a journeyman MiFi of Trog (Lair:5)
  2 war gargoyles
  2 entropy weavers
  Nessos (Orc:2)
  10 deep elf demonologists
  A lorocyproca (Hell)
  7 deep elf annihilators
  7 spark wasps
  5 merfolk javelineers (Shoals:4)
  7 ettins
  A green death (Hell)
  12 merfolk impalers
  6 jiangshi
  4 yaktaur captains
  10 deep elf high priests
  Josephine (Orc:2)
  7 deep elf death magi
  A blizzard demon (Depths:4)
  6 fire dragons
  A kraken zombie (Hell)
  Erolcha (Orc:1)
  2 great orbs of eyes
  5 ice dragons
  4 vault guards (D:13)
  4 hydras
  2 spriggan air magi
  A death knight (D:13)
  2 rakshasas
  3 merfolk avatars
  2 merfolk aquamancers
  7 ogre magi
  26 dancing weapons
  7 centaur warriors
  2 alligator snapping turtles
  A catoblepas (Lair:6)
  14 tengu warriors
  25 two-headed ogres
  3 vampire magi
  11 death yaks (Lair:6)
  11 spriggan berserkers
  7 deep troll shamans
  The ghost of Isoivuar the Slicer, a novice DsFi of Uskayaw (Lair:1)
  3 soul eaters
  5 orc high priests (Orc:2)
  4 hell hogs (Hell)
  8 deep troll earth magi
  2 iron golems (Hell)
  A shock serpent (shapeshifter) (Depths:3)
  24 deep elf knights
  Nergalle (D:10)
  Urug (Orc:1)
  Sonja (D:10)
  10 iron trolls
  A fire crab (Lair:6)
  9 sun demons
  14 skeletal warriors
  An anaconda zombie (Hell)
  2 sixfirhies (Hell)
  21 sea snakes
  18 deep trolls
  2 unseen horrors
  10 hell knights
  A sea snake (shapeshifter) (Depths:3)
  A wizard (D:12)
  A quicksilver dragon simulacrum (Depths:4)
  3 flayed ghosts
  4 glowing orange brains
  An orange crystal statue (D:12)
  A kraken simulacrum (Shoals:4)
  3 tengu zombies (Hell)
  2 obsidian statues
  19 deep elf archers
  A shadow dragon zombie (Hell)
  69 deep elf magi
  6 harpies
  7 orc knights
  5 necromancers
  A stone giant zombie (Hell)
  24 wolf spiders
  A fire giant zombie (Hell)
  22 orb spiders
  A cyclops (shapeshifter) (Depths:2)
  12 fauns
  3 orc sorcerers
  A manticore (shapeshifter) (Depths:1)
  20 manticores
  6 cyclopes
  20 ugly things
  A frost giant zombie (Hell)
  13 rust devils
  20 merfolk sirens
  2 moths of wrath (Spider:3)
  An orange demon (Hell)
  16 elephants
  Maurice (Orc:2)
  8 black mambas
  10 water nymphs
  A guardian serpent (Lair:6)
  3 ice statues
  A molten gargoyle (Hell)
  2 centaur zombies
  8 gargoyles
  4 torpor snails
  14 spiny frogs
  A yaktaur zombie (Hell)
  A smoke demon (Hell)
  A rime drake (Lair:5)
  18 yaktaurs
  A hellion (Hell)
  9 komodo dragons
  3 freezing wraiths
  2 efreet
  7 tengu conjurers
  6 demonic crawlers
  3 ice devils
  A guardian mummy (D:15)
  42 jumping spiders
  13 polar bears (IceCv)
  A red devil (Hell)
  A spriggan skeleton (D:15)
  17 hornets
  3 hydra zombies (Hell)
  6 trolls
  11 wind drakes
  15 slime creatures
  14 blink frogs
  39 merfolk
  A deep troll zombie (Hell)
  Prince Ribbit (D:7)
  A wolf spider simulacrum (D:15)
  An ettin zombie (Hell)
  A hydra skeleton (Hell)
  9 hippogriffs
  An alligator zombie (Hell)
  A spriggan zombie (Hell)
  11 snapping turtles
  2 fire dragon zombies (Hell)
  6 dream sheep
  An ice dragon zombie (Hell)
  A centaur simulacrum (D:14)
  A flying skull (Depths:4)
  An ice dragon skeleton (D:15)
  3 shadows
  4 spriggans
  2 air elementals
  Sigmund (D:3)
  68 redbacks
  A vampire (D:15)
  18 tarantellas
  7 wraiths
  A hog (shapeshifter) (Depths:3)
  2 basilisks (shapeshifter)
  A spriggan (shapeshifter) (Elf:1)
  14 wyverns
  A hog (Shoals:2)
  74 yaks
  2 hungry ghosts
  10 fire elementals
  3 humans (Shoals:2)
  13 water elementals
  7 vampire mosquitoes
  An elf skeleton (D:15)
  7 wargs
  Menkaure (D:7)
  11 water moccasins
  6 hell hounds
  A hydra simulacrum (Hell)
  5 ice beasts
  10 porcupines
  3 sky beasts
  A swamp drake (Orc:2)
  A hornet zombie (D:12)
  49 orc warriors
  A spiny frog skeleton (Hell)
  5 black bears
  3 eyes of draining
  A phantom (D:13)
  A sky beast (shapeshifter) (Depths:3)
  An alligator simulacrum (Hell)
  5 necrophages
  A black bear (shapeshifter) (Depths:2)
  4 ettin simulacra (Depths:4)
  26 ogres
  48 wolves
  25 centaurs
  3 boggarts (Depths:2)
  10 crocodiles
  4 big kobolds
  12 bullfrogs
  7 earth elementals
  4 scorpions
  6 killer bees (D:8)
  3 howler monkeys
  4 wights (D:8)
  3 electric eels
  8 crimson imps
  A quasit (D:9)
  48 orc priests
  10 hounds
  A bullfrog zombie (D:5)
  4 bullfrog skeletons
  12 jellies
  29 orc wizards
  2 centaur skeletons
  An iron imp (Orc:2)
  Ijyb (D:3)
  2 iguanas
  4 hell rats (Hell)
  6 worker ants
  3 hound skeletons
  3 worker ant zombies
  9 adders
  3 shadow imps
  23 oozes
  An adder skeleton (D:5)
  3 adder zombies (D:7)
  A worm (D:2)
  2 dart slugs
  7 leopard geckos
  151 orcs
  8 giant cockroaches
  6 goblins
  6 hobgoblins
  5 jackals
  8 quokkas
  2 ball pythons
  6 bats
  4 frilled lizards
  31 kobolds
  A quokka skeleton (D:7)
  6 rats
  A bush (Elf:3)
  21 fungi
  32 plants
  3 tentacles (Hell)
  10 withered plants (D:15)
2062 creatures vanquished.

Vanquished Creatures (collateral kills)
  2 orc priests (Orc:2)
2 creatures vanquished.

Vanquished Creatures (others)
  A deep elf demonologist (Elf:3)
  A quicksilver dragon simulacrum (Depths:4)
  An orc knight (Orc:2)
  A wolf spider (Spider:3)
  A spiny frog (Lair:5)
  2 ettin simulacra (Depths:4)
  A bullfrog (Lair:5)
  An orc wizard (Orc:2)
  A white imp (Orc:2)
  4 orcs (Orc:2)
  A ball python (D:3)
  A bush (Lair:6)
  17 fungi
  33 plants
  4 tentacles
70 creatures vanquished.

Grand Total: 2134 creatures vanquished

Notes
Turn   | Place    | Note
-------+----------+-------------------------------------------
     0 | D:1      | Amnesiac the Mummy Earth Elementalist began the quest for the Orb.
     0 | D:1      | Reached XP level 1. HP: 13/13 MP: 4/4
   253 | D:1      | Reached XP level 2. HP: 10/19 MP: 1/5
   374 | D:4      | Found an iron altar of Okawaru.
   523 | D:5      | Entered Level 5 of the Dungeon
   684 | D:5      | Found a staircase to the Ecumenical Temple.
   690 | Temple   | Entered the Ecumenical Temple
   728 | Temple   | Became a worshipper of Vehumet
   798 | D:5      | Noticed a necrophage
   824 | D:5      | Killed a necrophage
   824 | D:5      | Reached XP level 3. HP: 9/24 MP: 0/8
   824 | D:5      | Reached XP level 4. HP: 11/30 MP: 0/9
   828 | D:5      | Learned a level 2 spell: Passwall
   832 | D:5      | Learned a level 3 spell: Stone Arrow
   837 | D:5      | Learned a level 4 spell: Petrify
  1030 | D:5      | Reached XP level 5. HP: 18/35 MP: 0/11
  1951 | D:1      | Found a deep blue altar of Sif Muna.
  2452 | D:2      | Reached * piety under Vehumet
  2452 | D:2      | Offered knowledge of Shock by Vehumet.
  2524 | D:2      | Found a sacrificial altar of Ru.
  2833 | D:3      | Reached skill level 1 in Shields
  3026 | D:3      | Noticed Sigmund
  3060 | D:2      | Reached XP level 6. HP: 8/41 MP: 1/12
  3324 | D:3      | Killed Sigmund
  3324 | D:3      | Reached skill level 5 in Spellcasting
  3324 | D:3      | Reached skill level 5 in Earth Magic
  3479 | D:3      | Noticed Ijyb
  3487 | D:3      | Learned a level 5 spell: Lee's Rapid Deconstruction
  3587 | D:3      | Killed Ijyb
  3834 | D:4      | Found an ornate altar of the Wu Jian Council.
  3840 | D:4      | Reached XP level 7. HP: 46/46 MP: 5/14
  3841 | D:4      | Found a burning altar of Makhleb.
  3856 | D:4      | Found an ancient bone altar of Kikubaaqudgha.
  4049 | D:4      | Found a bloodstained altar of Trog.
  4083 | D:4      | Identified Sif Muna's Guide on Fire and Sinister Arts
  4140 | D:4      | Found Wedawuon's Antique Weapon Shop.
  4338 | D:4      | Learned a level 2 spell: Corpse Rot
  4811 | D:5      | Reached ** piety under Vehumet
  4811 | D:5      | Offered knowledge of Searing Ray by Vehumet.
  5639 | D:5      | Reached XP level 8. HP: 52/52 MP: 7/17
  5997 | D:6      | Got a ripped robe
  6079 | D:6      | Identified the +2 robe "Orolea" {rElec Str+7} (You found it on level 6 of the Dungeon)
  6810 | D:6      | Offered knowledge of Throw Frost by Vehumet.
  6907 | D:6      | Found Teavygai's Armour Shoppe.
  6913 | D:6      | Bought the cursed +1 robe of Entitlement {Regen+ Int+3 Slay-4} for 32 gold pieces
  7156 | D:7      | Reached *** piety under Vehumet
  7256 | D:7      | Noticed Prince Ribbit
  7264 | D:7      | Killed Prince Ribbit
  7264 | D:7      | Reached XP level 9. HP: 57/57 MP: 11/20
  7373 | D:7      | Offered knowledge of Olgreb's Toxic Radiance by Vehumet.
  7478 | D:7      | Found a shimmering altar of Xom.
  7480 | D:7      | Found a glowing silver altar of Zin.
  7480 | D:7      | Found a hide-covered altar of Uskayaw.
  7482 | D:7      | Found a shadowy altar of Dithmenos.
  7482 | D:7      | Found an iron altar of Okawaru.
  7482 | D:7      | Found a stormy altar of Qazlal.
  7698 | D:7      | Found Zuafint's Armour Shop.
  7767 | D:7      | Found Reogunn's Book Shop.
  8136 | D:7      | Noticed Menkaure
  8140 | D:7      | Killed Menkaure
  8303 | D:7      | Found a hide-covered altar of Uskayaw.
  8368 | D:7      | Reached skill level 1 in Fighting
  8461 | D:8      | Noticed a two-headed ogre
  8666 | D:8      | Reached **** piety under Vehumet
  8677 | D:8      | Noticed a two-headed ogre
  8876 | D:8      | Noticed a two-headed ogre
  8885 | D:7      | Killed a two-headed ogre
  8885 | D:7      | Reached XP level 10. HP: 58/68 MP: 6/23
  9114 | D:8      | Killed a two-headed ogre
  9114 | D:8      | Offered knowledge of Irradiate by Vehumet.
  9135 | D:8      | Learned a level 5 spell: Irradiate
  9236 | D:8      | Reached skill level 10 in Earth Magic
  9236 | D:8      | Reached skill level 10 in Spellcasting
  9533 | D:8      | Killed a two-headed ogre
  9668 | D:8      | Found a staircase to the Lair.
 10416 | D:8      | Identified a scroll of acquirement {!r}
 10592 | D:9      | Noticed a two-headed ogre
 10602 | D:9      | Killed a two-headed ogre
 10602 | D:9      | Reached XP level 11. HP: 77/77 MP: 4/25
 10603 | D:9      | Reached ***** piety under Vehumet
 10606 | D:9      | Offered knowledge of Bolt of Magma by Vehumet.
 10618 | D:9      | Learned a level 5 spell: Bolt of Magma
 11228 | D:9      | Found Wushaugi's Antique Weapon Shoppe.
 11333 | D:9      | Found Eddysy's Food Emporium.
 11462 | D:9      | Found Yporghiy's Gadget Shop.
 11810 | D:10     | Entered Level 10 of the Dungeon
 11961 | D:10     | Noticed Nergalle
 11961 | D:10     | Noticed a two-headed ogre
 11972 | D:10     | Killed a two-headed ogre
 12143 | D:10     | Killed Nergalle
 12276 | D:10     | Noticed Sonja
 12280 | D:10     | Killed Sonja
 12911 | D:11     | Found a blossoming altar of Fedhas.
 12968 | D:11     | Noticed a two-headed ogre
 12982 | D:11     | Killed a two-headed ogre
 13318 | D:11     | Noticed a purple ugly thing
 13325 | D:11     | Reached XP level 12. HP: 83/83 MP: 11/28
 13330 | D:11     | Offered knowledge of Spellforged Servitor by Vehumet.
 13494 | D:11     | Found a staircase to the Orcish Mines.
 14254 | Orc:1    | Entered Level 1 of the Orcish Mines
 14326 | Orc:2    | Entered Level 2 of the Orcish Mines
 14341 | Orc:2    | Found a staircase to the Elven Halls.
 14352 | Orc:1    | Noticed an orc warlord
 14556 | Orc:2    | Noticed Josephine
 14748 | Orc:2    | Noticed Nessos
 14754 | Orc:2    | Killed Nessos
 14754 | Orc:2    | Reached skill level 1 in Evocations
 15064 | Orc:2    | Noticed Maurice
 15067 | Orc:2    | Killed Josephine
 15219 | Orc:2    | Killed Maurice
 15583 | Orc:2    | Found Dasuh's Antique Armour Boutique.
 15785 | Orc:2    | Got a crude hat
 15809 | Orc:2    | Identified the cursed -1 hat "Notatekai" {SInv} (You found it on level 2 of the Orcish Mines)
 16021 | Orc:2    | Learned a level 2 spell: Blink
 16446 | Orc:2    | Noticed an orc high priest
 16456 | Orc:2    | Killed an orc high priest
 16580 | Orc:2    | Noticed an orc high priest
 16670 | Orc:2    | Killed an orc high priest
 17043 | Orc:2    | Offered knowledge of Bolt of Cold by Vehumet.
 17043 | Orc:2    | Gained mutation: You are in touch with the powers of death. [Mummy growth]
 17043 | Orc:2    | Reached XP level 13. HP: 88/88 MP: 9/30
 17645 | Orc:2    | Found Wetet's Food Emporium.
 17645 | Orc:2    | Found Caihea Jukh's Food Emporium.
 17646 | Orc:2    | Found Loan's Weapon Emporium.
 17646 | Orc:2    | Found Myupt's Weapon Shoppe.
 17871 | Orc:1    | Noticed Urug
 17876 | Orc:1    | Killed Urug
 18140 | Orc:1    | Noticed Erolcha
 18448 | Orc:1    | Killed Erolcha
 18618 | Orc:1    | Killed an orc warlord
 18902 | D:6      | Bought a +1 pair of boots of flying for 198 gold pieces
 18977 | Lair:1   | Entered Level 1 of the Lair of Beasts
 19122 | Lair:1   | Found a dark tunnel.
 19130 | Volcano  | Entered a volcano
 19292 | Volcano  | Noticed a stone giant
 19545 | Volcano  | Killed a stone giant
 19888 | Lair:1   | Found a runed door.
 19962 | Lair:1   | Found a shimmering altar of Xom.
 19962 | Lair:1   | Noticed Isoivuar's ghost (novice DsFi)
 19970 | Lair:1   | Killed Isoivuar's ghost
 20552 | Lair:2   | Found a hole to the Spider Nest.
 20732 | Lair:2   | Offered knowledge of Freezing Cloud by Vehumet.
 20732 | Lair:2   | Reached skill level 15 in Earth Magic
 20739 | Lair:2   | Reached skill level 15 in Spellcasting
 21258 | Lair:2   | Found a staircase to the Shoals.
 21482 | Lair:3   | Reached XP level 14. HP: 95/95 MP: 33/33
 21615 | Lair:3   | Learned a level 3 spell: Ozocubu's Armour
 21696 | Lair:3   | Got a slimy trident
 23198 | Lair:4   | Got a polished fustibalus
 23437 | Lair:4   | Identified the +1 trident "Jiskucam" {vamp, -Tele rF+ MR+ Dex+4} (You found it on level 3 of the Lair of Beasts)
 23438 | Lair:4   | Identified the +9 fustibalus of Ximeid {flame, MR++ Int-5} (You found it on level 4 of the Lair of Beasts)
 23464 | Lair:5   | Noticed Kuinu's ghost (journeyman MiFi)
 23465 | Lair:5   | Found a runed gate.
 23465 | Lair:5   | Found a runed gate.
 23465 | Lair:5   | Found a runed gate.
 23493 | Lair:5   | Found a staircase to the Slime Pits.
 23681 | Lair:5   | Found a frozen archway.
 23682 | Lair:5   | Reached skill level 1 in Staves
 23715 | IceCv    | Entered an ice cave
 24056 | IceCv    | Noticed a frost giant
 24063 | IceCv    | Offered knowledge of Poison Arrow by Vehumet.
 24064 | IceCv    | Killed a frost giant
 24368 | IceCv    | Found the +12 glaive of Prune {chop}
 25215 | Lair:5   | Reached ****** piety under Vehumet
 25315 | Lair:5   | Got a shimmering chain mail
 25316 | Lair:5   | Identified the +4 chain mail of Melancholy {rF- Str+4 Int+3} (You found it on level 5 of the Lair of Beasts)
 25585 | Lair:5   | Killed Kuinu's ghost
 25690 | Lair:5   | Learned a level 1 spell: Summon Butterflies
 25735 | Lair:6   | Entered Level 6 of the Lair of Beasts
 26103 | Lair:6   | Offered knowledge of Ozocubu's Refrigeration by Vehumet.
 26116 | Lair:6   | Reached XP level 15. HP: 100/100 MP: 7/35
 26596 | Lair:6   | Learned a level 5 spell: Borgnjor's Vile Clutch
 27311 | Lair:6   | Offered knowledge of Iron Shot by Vehumet.
 27342 | Lair:6   | Learned a level 6 spell: Iron Shot
 27882 | Spider:1 | Entered Level 1 of the Spider Nest
 27893 | Spider:1 | Reached skill level 1 in Conjurations
 28521 | Spider:1 | Got a clouded sapphire amulet
 28522 | Spider:1 | Identified the amulet "Senash" {Harm *Drain SInv} (You found it on level 1 of the Spider Nest)
 29250 | Spider:1 | Killed a ghost moth
 29858 | Spider:2 | Reached XP level 16. HP: 106/106 MP: 27/37
 30515 | Spider:3 | Learned a level 4 spell: Leda's Liquefaction
 31050 | Spider:3 | Offered knowledge of Lehudib's Crystal Spear by Vehumet.
 31050 | Spider:3 | Offered knowledge of Shatter by Vehumet.
 31050 | Spider:3 | Offered knowledge of Chain Lightning by Vehumet.
 31070 | Spider:3 | Learned a level 9 spell: Shatter
 31503 | Spider:4 | Entered Level 4 of the Spider Nest
 31526 | Spider:4 | Noticed Arachne
 31546 | Spider:4 | Killed Arachne
 32736 | Spider:4 | Got a gossamer rune of Zot
 33561 | Spider:4 | Reached XP level 17. HP: 111/111 MP: 32/39
 33898 | Shoals:1 | Entered Level 1 of the Shoals
 35217 | Shoals:2 | Noticed Kirke
 35223 | Shoals:2 | Killed Kirke
 36039 | Shoals:3 | Reached skill level 5 in Dodging
 36383 | Shoals:3 | Got a creamy pearl robe
 36667 | Shoals:3 | Noticed Ilsuiw
 36671 | Shoals:3 | Killed Ilsuiw
 37173 | Shoals:4 | Entered Level 4 of the Shoals
 37332 | Shoals:4 | Noticed Donald
 37333 | Shoals:4 | Killed Donald
 37333 | Shoals:4 | Reached XP level 18. HP: 118/118 MP: 41/41
 37512 | Shoals:4 | Got a scorched leather armour
 37560 | Shoals:4 | Identified the +0 robe "Wohuy" {Int+3} (You took it off a merfolk on level 3 of the Shoals)
 37571 | Shoals:4 | Identified the cursed +0 leather armour "Dejulith" {rCorr} (You found it on level 4 of the Shoals)
 37596 | Shoals:4 | Got a barnacled rune of Zot
 38128 | Shoals:4 | Got a sparkling steel amulet
 38346 | Shoals:4 | Got a brightly glowing tin amulet
 38351 | Shoals:4 | Identified the amulet "Canur" {Harm *Drain rF+ Int+6 Dex+2} (You found it on level 4 of the Shoals)
 38352 | Shoals:4 | Identified the amulet of Diocea {Acrobat Str+4 Int+2} (You found it on level 4 of the Shoals)
 38617 | Elf:1    | Entered Level 1 of the Elven Halls
 40054 | Elf:2    | Reached XP level 19. HP: 123/123 MP: 16/43
 40214 | Elf:2    | Found a huge runed gate.
 40214 | Elf:2    | Found a huge runed gate.
 40214 | Elf:2    | Found a huge runed gate.
 40214 | Elf:2    | Found a huge runed gate.
 40215 | Elf:2    | Found a huge runed gate.
 40621 | Elf:2    | Reached skill level 5 in Fighting
 41135 | Elf:3    | Entered Level 3 of the Elven Halls
 41479 | Elf:3    | Reached skill level 5 in Staves
 41715 | Elf:3    | Got a faintly glowing buckler
 41715 | Elf:3    | Got a vibrating jade amulet
 41749 | Elf:3    | Got a brightly glowing large shield
 41776 | Elf:3    | Identified the +3 buckler of Ofodor {Str+2 Int+5 Dex-5} (You took it off a deep elf annihilator on level 3 of the Elven Halls)
 41788 | Elf:3    | Identified the +7 large shield of the Oligarchy {Str+4} (You found it on level 3 of the Elven Halls)
 41790 | Elf:3    | Identified the amulet "Rixteic" {Acrobat *Contam +Inv rPois rF++} (You took it off a deep elf annihilator on level 3 of the Elven Halls)
 41829 | Elf:3    | Got a bloodstained trident
 41834 | Elf:3    | Identified the Tome of the Mutagenic Rocks
 41840 | Elf:3    | Identified the +1 trident of Generosity {holy, MR+ Str+3 Stlth-} (You found it on level 3 of the Elven Halls)
 41879 | Elf:3    | Got a jewelled arbalest
 41955 | Elf:3    | Found a radiant altar of Vehumet.
 41960 | Elf:3    | Identified the +4 arbalest of Anxiety {elec, Int+5} (You found it on level 3 of the Elven Halls)
 42010 | Elf:3    | Noticed Louise
 42013 | Elf:3    | Killed Louise
 42053 | Elf:3    | Reached XP level 20. HP: 141/141 MP: 19/45
 42238 | Elf:3    | Noticed Saint Roka
 42239 | Elf:3    | Killed Saint Roka
 42621 | Elf:3    | Noticed Bai Suzhen
 42623 | Elf:3    | Killed Bai Suzhen
 43591 | D:13     | Found a gate to the Vaults.
 44396 | D:14     | Found a blossoming altar of Fedhas.
 44451 | D:14     | Noticed Frances
 44453 | D:14     | Killed Frances
 45061 | D:15     | Entered Level 15 of the Dungeon
 45438 | D:15     | Got a pair of scorched boots
 45474 | D:15     | Found a staircase to the Depths.
 45504 | D:15     | Learned a level 8 spell: Lehudib's Crystal Spear
 46027 | D:15     | Identified the +2 pair of boots "Filiff" {rCorr Str-4 Dex+4 SInv} (You found it on level 15 of the Dungeon)
 46083 | Depths:1 | Entered Level 1 of the Depths
 46085 | Depths:1 | Found a one-way gate leading to the halls of Pandemonium.
 46147 | Depths:1 | Reached XP level 21. HP: 79/147 MP: 12/47
 46168 | Depths:1 | Reached skill level 10 in Staves
 46550 | Depths:1 | Noticed Sojobo
 46630 | Depths:1 | Killed Sojobo
 46961 | Depths:1 | Found Jetsilye's Food Shoppe.
 46961 | Depths:1 | Found Majiu's Book Emporium.
 47019 | Depths:1 | Bought a manual of Shields for 1545 gold pieces
 47094 | Depths:1 | Found a gateway to Hell.
 47467 | Depths:2 | Got a shimmering leather armour
 47994 | Depths:2 | Noticed a juggernaut
 47997 | Depths:2 | Killed a juggernaut
 48464 | Depths:2 | Noticed a golden dragon
 48468 | Depths:2 | Killed a golden dragon
 48532 | Depths:2 | Identified the Compendium of Glacial Envenoming
 48626 | Depths:2 | Found a shattered altar of Ashenzari.
 48633 | Depths:2 | Identified the Compendium of Flight and Companions
 48930 | Depths:2 | Noticed a caustic shrike
 48932 | Depths:2 | Killed a caustic shrike
 49030 | Depths:3 | Reached XP level 22. HP: 157/157 MP: 46/48
 49033 | Depths:3 | Noticed a golden dragon
 49037 | Depths:3 | Killed a golden dragon
 49249 | Depths:3 | Noticed a golden dragon
 49258 | Depths:3 | Noticed a golden dragon
 49260 | Depths:3 | Killed a golden dragon
 49260 | Depths:3 | Reached skill level 10 in Dodging
 49262 | Depths:3 | Killed a golden dragon
 49542 | Depths:3 | Identified the cursed +1 leather armour of Qazlal's Envy {SInv Stlth+} (You found it on level 2 of the Depths)
 49775 | Hell     | Entered the Vestibule of Hell
 49775 | Hell     | Noticed Geryon
 49780 | Hell     | Reached skill level 10 in Fighting
 49782 | Hell     | Killed Geryon
 49786 | Hell     | Noticed Murray
 49787 | Hell     | Killed Murray
 50003 | Hell     | Found a gateway to the decaying netherworld of Tartarus.
 50039 | Hell     | Found a gateway to the freezing wastes of Cocytus.
 50214 | Hell     | Found a gateway to the Iron City of Dis.
 50271 | Hell     | Found a gateway to the ashen valley of Gehenna.
 50546 | Depths:3 | Found a gateway to a ziggurat.
 50589 | Depths:3 | Reached XP level 23. HP: 167/167 MP: 44/49
 50738 | Depths:3 | Found a corrupted altar of Lugonu.
 50741 | Depths:3 | Found a one-way gate to the infinite horrors of the Abyss.
 51263 | Depths:4 | Found a blossoming altar of Fedhas.
 51348 | Depths:4 | HP: 5/169 [tengu warrior/great sword (25)]
 51348 | Depths:4 | HP: 2/169 [tengu warrior/great sword (3)]
 51349 | Depths:4 | Killed from afar by a quicksilver dragon

Vault maps used:
D:1:      saegor_arrival_miasma, minivault_5, kennysheep_flooded_box,
          moated_statue, minmay_pentomino_s2
D:2:      st_stairs_5, nicolae_ru_path_of_blood
D:3:      first_ration, uniq_sigmund, uniq_ijyb
D:4:      trog_eyes_of_draining, nicolae_overflow_crystal_walls,
          grunt_temple_overflow_open, lemuel_crystal_altar, serial_shops,
          shop_fountains, roderic_roman_lattice, minmay_misc_feat_encased
D:5:      minmay_opposing_rooms, minmay_temple_entry_fiery, grunt_ministairs_14
D:6:      kennysheep_spiral_hall, minmay_shop_grid_forest, due_unseen_surprise
D:7:      lemuel_slime, kennysheep_mini_moat, serial_shops, shop,
          kennysheep_mini, grunt_ogre_cave, doesnt_xom_only_xom, uniq_menkaure,
          uniq_prince_ribbit1
D:8:      minmay_lair_entry_lava, minmay_misc_feat_square, minmay_orc_keep
D:9:      special_room, serial_shops, nicolae_shop_stone, shop, shop,
          hex_medium, minmay_misc_feat_five, minmay_variable_closet
D:10:     uniq_nergalle, uniq_sonja
D:11:     david_orc_3, basic_altar, special_room
D:12:     minmay_more_statues
D:13:     lightli_vaults_fourway_checkpoint, serial_column_ruins,
          column_ruins_square_medium, column_ruins_grid_3,
          column_ruins_open_medium, column_ruins_corridor_straight
D:14:     hangedman_decor_slide_cut, fedhas_altar_2, uniq_frances
D:15:     gammafunk_depths_entry_grave, serial_glass, glass_columns_a,
          glass_columns_b, glass_columns_c, glass_columns_b, glass_columns_c,
          glass_columns_a, glass_columns_b, glass_columns_b, glass_columns_a,
          glass_columns_c, glass_columns_b, glass_columns_a, glass_columns_a,
          glass_columns_b, due_unseen_surprise, feat_on_display,
          item_on_display_a
Temple:   kb_temple_of_zot
Lair:1:   lightli_volcano_entry_magma_tube, ebering_ghost_xom
Lair:2:   minmay_shoals_entry_hut, spider_nest_entry_rubble, minmay_holes
Lair:3:   minmay_lair_oklob_bushes, infiniplex_staircase_pool,
          lemuel_fruit_fields
Lair:4:   serial_bayou_shore_b
Lair:5:   nicolae_slime_entry_slimehenge, portal_ice_cave_demonic_guard,
          gammafunk_ghost_split, grunt_forest_large_clearings
Lair:6:   hangedman_lair_tendril_chambers, minmay_stone_trees_small,
          serial_bayou_crossing
Shoals:1: dpeg_stationary_puzzle
Shoals:2: nicolae_shoals_loop_pool, uniq_kirke
Shoals:3: uniq_ilsuiw
Shoals:4: shoals_end_grunt_ice, uniq_donald
Spider:2: nicolae_spider_cling_ruins
Spider:4: johnstein_spider_rune_arachne_lair
Orc:1:    uniq_erolcha, uniq_urug
Orc:2:    st_orc_pillars, serial_shops, shop, hangedman_minor_magic,
          uniq_maurice, uniq_josephine, uniq_nessos
Elf:1:    eino_elf_arrival_shootout, orc_legates
Elf:2:    serial_co_window_serial, co_window_paths_a, co_window_paths_a,
          co_window_paths_a, co_window_corner_a, co_window_paths_a,
          co_window_2corner, glass_columns_c, glass_columns_c, glass_columns_a,
          glass_columns_a, nicolae_elf_glass_and_crystal_pillar_2
Elf:3:    minmay_elf_hall_x, basic_altar, uniq_louise, uniq_saint_roka,
          uniq_bai_suzhen
Depths:1: hangedman_geh_valley, minmay_misc_feat_chi, pan_entry,
          kennysheep_generic_room_7, minmay_shoptagon, uniq_sojobo
Depths:2: minmay_stepped, hell_entry, evilmike_ruin_ashenzari,
          minmay_staircase_windowed_small, roderic_lattice_octagonal_star
Depths:3: evilmike_inaccessible_box, enter_ziggurat_b, pan_entry,
          minmay_misc_feat_roman, abyss_entry_flame_altar, hell_entry,
          minmay_staircase_statues, grunt_megastairs_3
Depths:4: grunt_profane_halls, abyss_entry, hell_entry, serial_shops, pan_entry
IceCv:    ice_cave_small_giant
Volcano:  volcano_pools

Skill      XL: |  1  2  3  4  5  6  7  8  9 10 11 12 13 14 15 16 17 18 19 20 21 22 23 |
---------------+----------------------------------------------------------------------+-----
Spellcasting   | 3 4 5 6 7 9 10 12 13 15 16 17 18 19 20 21 22 23 | 23.1
Earth Magic    | 3 4 5 6 7 9 10 12 13 15 16 17 18 19 20 21 22 23 | 23.1
Shields        | 1 2 3 4 |  4.0
Fighting       | 2 4 8 9 10 11 | 11.1
Dodging        | 2 4 5 7 8 9 11 12 | 12.1
Evocations     | 3 4 |  4.0
Staves         | 4 5 9 12 | 12.0
Conjurations   | 3 4 |  4.0
Stealth        | |  1.5
Transmutations | |  0.7

Action                   |  1- 3 |  4- 6 |  7- 9 | 10-12 | 13-15 | 16-18 | 19-21 | 22-24 || total
-------------------------+-------+-------+-------+-------+-------+-------+-------+-------++-------
Melee: Short sword       |     6 |   101 |   108 |       |       |       |       |       ||   215
       Staff             |       |     1 |     1 |    19 |    64 |     7 |    94 |    43 ||   229
 Cast: Sandblast         |    27 |    33 |     4 |   140 |    15 |       |     1 |       ||   220
       Stone Arrow       |       |    40 |    99 |    22 |       |       |       |       ||   161
       Lee's Rapid Decon |       |       |    35 |   175 |   308 |   177 |    73 |    14 ||   782
       Petrify           |       |       |     2 |    28 |    19 |     4 |       |       ||    53
       Passwall          |       |       |     2 |       |     2 |       |     1 |       ||     5
       Bolt of Magma     |       |       |       |    45 |   177 |       |       |       ||   222
       Corpse Rot        |       |       |       |     2 |       |       |       |       ||     2
       Irradiate         |       |       |       |     6 |    12 |     2 |       |       ||    20
       Blink             |       |       |       |       |     3 |     2 |       |     1 ||     6
       Iron Shot         |       |       |       |       |    27 |    80 |    24 |       ||   131
       Shatter           |       |       |       |       |       |    88 |   167 |    75 ||   330
       Borgnjor's Vile C |       |       |       |       |       |       |     2 |       ||     2
       Lehudib's Crystal |       |       |       |       |       |       |    23 |    40 ||    63
Evoke: Wand              |       |     1 |     4 |    18 |    10 |     8 |     3 |     5 ||    49
       Box of beasts     |       |       |       |     1 |       |       |       |       ||     1
       Sack of spiders   |       |       |       |       |       |       |       |     2 ||     2
       Phantom mirror    |       |       |       |       |       |       |       |     2 ||     2
       Phial of floods   |       |       |       |       |       |       |       |     1 ||     1
  Use: Scroll            |       |       |     7 |    12 |    10 |    10 |    12 |     9 ||    60
 Stab: Sleeping          |     2 |     5 |       |       |       |       |       |       ||     7
       Petrified         |       |       |       |     4 |       |       |       |       ||     4
       Paralysed         |       |       |       |       |       |     6 |       |       ||     6
Armor: Robe              |     8 |    33 |    24 |    11 |    59 |    28 |    33 |     9 ||   205
Dodge: Dodged            |    22 |   105 |    94 |    70 |   131 |    48 |    73 |    34 ||   577
Block: Buckler           |       |     2 |    31 |    19 |    60 |    28 |    45 |    10 ||   195

Table legend:
 A = Spawn XP
 B = Non-spawn XP
 C = Spawn XP percentage of total XP
 D = Spawn monster count
 E = Non-spawn monster count
 F = Spawn count percentage of total count
 G = Total turns spent on level
                    A         B        C        D         E        F      G
               +---------+---------+-------+---------+---------+-------+---------
         Total |       0 |  907262 |   0.0 |       0 |    1996 |   0.0 | 51349
               +---------+---------+-------+---------+---------+-------+---------
           D:1 |       0 |      36 |   0.0 |       0 |      24 |   0.0 |   842
           D:2 |       0 |      60 |   0.0 |       0 |      18 |   0.0 |  1132
           D:3 |       0 |     337 |   0.0 |       0 |      21 |   0.0 |   649
           D:4 |       0 |     383 |   0.0 |       0 |      14 |   0.0 |  1766
           D:5 |       0 |     948 |   0.0 |       0 |      32 |   0.0 |  1686
           D:6 |       0 |     755 |   0.0 |       0 |      16 |   0.0 |   964
           D:7 |       0 |    3231 |   0.0 |       0 |      60 |   0.0 |  1933
           D:8 |       0 |    4528 |   0.0 |       0 |      62 |   0.0 |  1915
           D:9 |       0 |    4266 |   0.0 |       0 |      51 |   0.0 |  1152
          D:10 |       0 |    4136 |   0.0 |       0 |      24 |   0.0 |   981
          D:11 |       0 |    7061 |   0.0 |       0 |      70 |   0.0 |  1465
          D:12 |       0 |   10961 |   0.0 |       0 |      47 |   0.0 |   492
          D:13 |       0 |   17877 |   0.0 |       0 |      68 |   0.0 |   884
          D:14 |       0 |   13981 |   0.0 |       0 |      26 |   0.0 |   706
          D:15 |       0 |   24632 |   0.0 |       0 |      47 |   0.0 |  1673
        Lair:1 |       0 |    3262 |   0.0 |       0 |       7 |   0.0 |   580
        Lair:2 |       0 |    7864 |   0.0 |       0 |      30 |   0.0 |  1414
        Lair:3 |       0 |    1887 |   0.0 |       0 |       9 |   0.0 |   666
        Lair:4 |       0 |    6277 |   0.0 |       0 |      24 |   0.0 |  1351
        Lair:5 |       0 |   12194 |   0.0 |       0 |      66 |   0.0 |  1262
        Lair:6 |       0 |   34017 |   0.0 |       0 |      92 |   0.0 |  2059
      Shoals:1 |       0 |   19470 |   0.0 |       0 |      42 |   0.0 |  1022
      Shoals:2 |       0 |   23307 |   0.0 |       0 |      46 |   0.0 |  1186
      Shoals:3 |       0 |   21311 |   0.0 |       0 |      44 |   0.0 |  1146
      Shoals:4 |       0 |   39261 |   0.0 |       0 |      62 |   0.0 |  1088
      Spider:1 |       0 |   14354 |   0.0 |       0 |      34 |   0.0 |  1564
      Spider:2 |       0 |   14353 |   0.0 |       0 |      48 |   0.0 |   817
      Spider:3 |       0 |   17180 |   0.0 |       0 |      43 |   0.0 |  2153
      Spider:4 |       0 |   42938 |   0.0 |       0 |      81 |   0.0 |  1447
         Orc:1 |       0 |    6154 |   0.0 |       0 |      33 |   0.0 |  1277
         Orc:2 |       0 |   17800 |   0.0 |       0 |      98 |   0.0 |  3309
         Elf:1 |       0 |   40963 |   0.0 |       0 |      75 |   0.0 |  1252
         Elf:2 |       0 |   49814 |   0.0 |       0 |      66 |   0.0 |  1518
         Elf:3 |       0 |   87424 |   0.0 |       0 |      88 |   0.0 |  1555
      Depths:1 |       0 |   51636 |   0.0 |       0 |      66 |   0.0 |   730
      Depths:2 |       0 |   88527 |   0.0 |       0 |      78 |   0.0 |  2045
      Depths:3 |       0 |   90837 |   0.0 |       0 |      86 |   0.0 |   705
      Depths:4 |       0 |   50792 |   0.0 |       0 |      71 |   0.0 |   413
          Hell |       0 |   60248 |   0.0 |       0 |      83 |   0.0 |   722
         IceCv |       0 |    8995 |   0.0 |       0 |      36 |   0.0 |  1025
       Volcano |       0 |    3205 |   0.0 |       0 |       8 |   0.0 |   735
               +---------+---------+-------+---------+---------+-------+---------
